 Dungeon Crawl Stone Soup version 0.31.0-11-ge490571c62 (webtiles) character file.

Game seed: 12999976006124878102

2351 ces the Covert (level 9, -6/41 HPs)
             Began as a Spriggan Hunter on Jan 29, 2024.
             Shot with an arrow by a centaur (11 damage)
             ... while paralysed by a hornet
             ... on level 8 of the Dungeon.
             The game lasted 00:16:51 (6478 turns).

ces the Covert (Spriggan Hunter)                    Turns: 6478, Time: 00:16:52

Health: -6/41      AC:  2    Str:  7    XL:     9   Next: 20%
Magic:  10/10      EV:  4    Int: 11    God:
Gold:   362        SH:  0    Dex: 22    Spells: 8/8 levels left

rFire   + . .        a - +0 shortbow
rCold   . . .        (shield currently unavailable)
rNeg    . . .        c - +0 robe
rPois   .            (helmet restricted)
rElec   .            (no cloak)
rCorr   .            (gloves unavailable)
SInv    +            (boots unavailable)
Will    +....        A - amulet of the acrobat
Stlth   +++++        F - ring of protection from cold
HPRegen 0.26/turn    f - ring of fire
MPRegen 0.12/turn

%: acrobat
@: paralysed, lethally poisoned (-6 -> -9), very quick
A: very small, no large weapons, unfitting armour, see invisible, speed 3
a: no special abilities


You were on level 8 of the Dungeon.
You visited 2 branches of the dungeon, and saw 10 of its levels.

You collected 362 gold pieces.

Inventory:

Hand Weapons
 a - a +0 shortbow (weapon)
 b - a +0 dagger of protection
Missiles
 I - a throwing net
Armour
 c - a +0 robe (worn)
Jewellery
 f - a ring of fire (right hand)
 s - a ring of magical power
 A - an amulet of the acrobat (around neck)
 E - a ring of magical power
 F - a ring of protection from cold (left hand)
Wands
 h - a wand of polymorph (7)
 q - a wand of flame (15)
 y - a wand of iceblast (14)
 B - a wand of quicksilver (18)
 C - a wand of charming (6)
Scrolls
 e - a scroll of butterflies
 g - 2 scrolls of teleportation
 j - a scroll of summoning {unknown}
 l - a scroll of enchant armour {unknown}
 m - a scroll of torment {unknown}
 n - a scroll of noise {unknown}
 o - 2 scrolls of immolation {unknown}
 p - a scroll of blinking {unknown}
 u - a scroll of poison {unknown}
 v - a scroll of revelation {unknown}
 w - 2 scrolls of identify
 D - a scroll of acquirement {unknown}
 G - a scroll of silence {unknown}
Potions
 d - a potion of invisibility
 i - a potion of haste
 k - a potion of resistance
 r - a potion of ambrosia {unknown}
 t - a potion of attraction
 z - a potion of lignification


   Skills:
 - Level 1.5 Fighting
 * Level 8.9 Ranged Weapons
 + Level 7.6 Dodging
 * Level 12.1 Stealth


You had 8 spell levels left.
You didn't know any spells.
Your spell library contained the following spells:

 Spells                   Type           Power      Damage    Failure   Level
 Magic Dart               Conj           0%         1d3       34%         1
 Necrotise                Necr           0%         1d4       34%         1
 Call Imp                 Summ           0%         N/A       47%         2
 Searing Ray              Conj           0%         2d4       47%         2
 Static Discharge         Conj/Air       0%         3-3/arc   47%         2
 Sublimation of Blood     Necr           0%         N/A       47%         2
 Tukima's Dance           Hex            0%         N/A       71%         3
 Vampiric Draining        Necr           0%         2d6       71%         3
 Airstrike                Air            0%         2d(0-16)  98%         4
 Fulminant Prism          Conj/Alch      0%         3d5       98%         4
 Martyr's Knell           Necr/Summ      0%         N/A       98%         4
 Passage of Golubria      Tloc           0%         N/A       98%         4
 Summon Lightning Spire   Summ/Air       0%         N/A       98%         4
 Curse of Agony           Necr           0%         N/A       100%        5
 Yara's Violent Unravell  Hex/Alch       0%         3d3       100%        5
 Conjure Ball Lightning   Conj/Air       0%         3x3d6     100%        6
 Summon Hydra             Summ           0%         N/A       100%        7
 Discord                  Hex            0%         N/A       100%        8
 Disjunction              Tloc           0%         N/A       100%        8


Dungeon Overview and Level Annotations

Branches:
Dungeon (9/15)             Temple (1/1) D:5
   Lair: D:8-11         Orc: D:9-12

Altars:
Ashenzari
Dithmenos
Hepliaklqana
Kikubaaqudgha
Makhleb
Nemelex Xobeh
Okawaru
Ru
Sif Muna
Uskayaw
Vehumet
Wu Jian
Xom
Yredelemnul
Zin
The Shining One
Lugonu

Shops:
D:8 :


Innate Abilities, Weirdness & Mutations

You are very small and have problems with some larger weapons.
You are too small for most types of armour.
You have supernaturally acute eyesight. (SInv)
You cover ground extremely quickly. (Speed+++)


Message History

Fire: a) +0 shortbow
Press: ? - help, Shift-Dir - straight line, f/p - hornet
Aim: a hornet (lightly wounded, 55% to hit)
You shoot an arrow. The arrow barely misses the hornet.
The arrow hits the yak.
Your attack snaps the yak out of its fear.
The yak is lightly wounded.
The hornet completely misses you. The hornet misses you.
The hornet completely misses you.
A centaur comes into view.
The howler monkey hoots and howls with incredible vigour!
You hear a shout!
You hear a loud, deep croak!
You hear an angry buzzing noise. x2
You hear a bellow! x3; You hear a shout! x3; You hear an angry buzzing noise.
You hear a shout! x2
You shoot an arrow. The arrow hits the killer bee!
The killer bee is severely wounded.
You hear a shout!
The killer bee barely misses you. The killer bee misses you.
The centaur wields a +0 shortbow.
The centaur shoots an arrow.
The arrow misses you. The hornet misses you.
You shoot an arrow.
The arrow hits the killer bee but does no damage.
The killer bee is severely wounded.
The killer bee barely misses you.
The centaur shoots an arrow.
The arrow completely misses you. The hornet barely misses you.
The killer bee stings you but does no damage.
You shoot an arrow. The arrow hits the killer bee.
The killer bee is almost dead.
The killer bee completely misses you.
The centaur shoots an arrow.
The arrow hits you. The hornet misses you. The killer bee stings you.
You are poisoned.
The killer bee poisons you!
You shoot an arrow.
The arrow closely misses the killer bee.
You feel sick.
The centaur shoots an arrow.
The arrow hits you! The hornet stings you!
* * * LOW HITPOINT WARNING * * *
You suddenly lose the ability to move!
The killer bee barely misses you.
The howler monkey hoots and howls with incredible vigour!
The centaur shoots an arrow.
The arrow hits you!
You die...

#...Y..#............)..###..
###.......................##..
##........##..........##.......
#.........##....[....###....##.
###.............c..Y...........
###.........##.hY##...#####..
##.<.#....#....Y##...###...
######..#.#..##..Y...#.....
#...#.....@y.##.#..<.......
#.....##.y...#####.######..
##....##.....#.###Y.#####>.
#####...>.........#.....Y##...
##..#...#....#...#.............
#.......####.#...#........Y.###
###....####....####...........#
###...........#.#...........#
##.......#.................


You could see 3 yaks, a hornet, a centaur, a howler monkey (catching breath) and
a killer bee.

Vanquished Creatures
  A troll (D:8)
  A shadow (D:9)
  A yak (D:8)
  A steam dragon (D:8)
  2 water moccasins
  A sky beast (D:8)
  2 ogres
  2 phantoms
  A kobold brigand (D:9)
  3 bullfrogs
  2 scorpions
  A wight (D:7)
  2 killer bees
  3 howler monkeys
  2 bombardier beetles (D:5)
  5 hounds
  2 jellies
  Natasha (D:2)
  An iguana (D:5)
  4 gnolls (D:2)
  8 adders
  2 ufetubi (D:5)
  2 dart slugs
  2 ribbon worms (D:2)
  6 orcs
  5 bats
  An endoplasm (D:2)
  2 giant cockroaches
  2 hobgoblins
  3 jackals (D:2)
  12 kobolds
  3 quokkas (D:5)
  5 ball pythons
  2 frilled lizards
  6 goblins
  3 rats (D:1)
102 creatures vanquished.

Notes
Turn   | Place    | Note
-------+----------+-------------------------------------------
     0 | D:1      | ces the Spriggan Hunter began the quest for the Orb.
     0 | D:1      | Reached XP level 1. HP: 10/10 MP: 2/2
   216 | D:1      | Reached skill level 2 in Stealth
   298 | D:1      | Reached XP level 2. HP: 11/14 MP: 3/3
   661 | D:2      | Reached skill level 3 in Stealth
   733 | D:2      | Reached XP level 3. HP: 18/18 MP: 4/4
   839 | D:2      | Reached skill level 4 in Stealth
   855 | D:2      | Reached XP level 4. HP: 22/22 MP: 5/5
   888 | D:2      | Found a shimmering blue altar of Sif Muna.
  1005 | D:2      | Noticed Natasha
  1012 | D:2      | Killed Natasha
  1287 | D:3      | Reached skill level 5 in Ranged Weapons
  1327 | D:3      | Found a shadowy altar of Dithmenos.
  1422 | D:3      | Reached XP level 5. HP: 19/25 MP: 6/6
  1557 | D:3      | Identified the +1 flail of Strategic Superiority {drain,
                  | rElec rF+ rCorr}
  1579 | D:3      | Reached skill level 5 in Stealth
  1783 | D:5      | Entered Level 5 of the Dungeon
  1979 | D:5      | Noticed a phantom
  2063 | D:5      | Reached skill level 6 in Stealth
  2158 | D:5      | Reached XP level 6. HP: 30/30 MP: 7/7
  2318 | D:5      | Found an ornate altar of the Wu Jian Council.
  2337 | D:5      | Found a radiant altar of Vehumet.
  2906 | D:5      | Reached skill level 5 in Dodging
  2906 | D:5      | Reached skill level 7 in Stealth
  2910 | D:5      | Reached XP level 7. HP: 33/33 MP: 8/8
  3146 | D:5      | Found a staircase to the Ecumenical Temple.
  3167 | Temple   | Entered the Ecumenical Temple
  3244 | D:6      | Reached skill level 8 in Stealth
  3327 | D:6      | Found an ancient bone altar of Kikubaaqudgha.
  3422 | D:6      | Reached skill level 9 in Stealth
  3692 | D:6      | Found a burning altar of Makhleb.
  3894 | D:6      | Reached XP level 8. HP: 37/37 MP: 9/9
  4189 | D:7      | Noticed a hornet
  4366 | D:8      | Noticed a troll
  4455 | D:8      | Killed a troll
  4456 | D:8      | Reached skill level 10 in Stealth
  4495 | D:8      | Found a sacrificial altar of Ru.
  4683 | D:8      | Found Cietru's Self-Published Books.
  4816 | D:8      | Reached skill level 11 in Stealth
  4835 | D:8      | Noticed a two-headed ogre
  5429 | D:9      | Reached XP level 9. HP: 41/41 MP: 10/10
  5751 | D:9      | Reached skill level 12 in Stealth
  6307 | D:9      | Found a shimmering altar of Xom.
  6478 | D:8      | Paralysed by a hornet for 2 turns
  6478 | D:8      | Shot with an arrow by a centaur

Illustrated notes

Levels and vault maps discovered:
D:1:      mainiacjoe_arrival_oval_in_oval, layout_loops_ring, solitary_fountain,
          minivault_25
D:2:      layout_loops_ring, basic_altar, nicolae_grassy_gnolls, uniq_natasha
D:3:      layout_rooms, grunt_dithmenos_smoke_and_mirrors
D:4:      layout_loops_ring, lemuel_doored_altar, minitemple, st_stairs_11
D:5:      layout_loops_ring, mainiacjoe_overflow_large_starburst, temple_green,
          minmay_circle_x
D:6:      layout_basic, mainiacjoe_overflow_boulevard, overflow_temple_1_default
D:7:      layout_rooms, serial_shops, nicolae_shop_pleasant_corner_grove
D:8:      minmay_clustersquares, layout_cave_pools, mainiacjoe_overflow_paths,
          nicolae_custom_books, kennysheep_cross_room, kennysheep_potato
D:9:      layout_stronghold, mainiacjoe_overflow_24_doors,
          hangedman_decor_slide_cut, chequers_serial_rivers_micro_c,
          minivault_24, minmay_gold_behind_fungi
Temple:   corrupted_temple

Skill      XL: |  1  2  3  4  5  6  7  8  9 |
---------------+----------------------------+-----
Stealth        | 2 3 4 6 7 9 11 12 | 12.1
Dodging        | 3 4 5 7 |  7.6
Ranged Weapons | 5 6 7 8 |  8.9
Fighting       | |  1.5

Action                     |  1- 3 |  4- 6 |  7- 9 || total
---------------------------+-------+-------+-------++-------
  Melee: Dagger            |    18 |    14 |    14 ||    46
   Fire: Shortbow          |    73 |   129 |   205 ||   407
  Evoke: Wand              |       |       |    10 ||    10
    Use: Scroll            |       |       |     8 ||     8
         Potion            |       |       |     6 ||     6
   Stab: Sleeping          |     6 |     9 |     8 ||    23
 Armour: Robe              |    13 |    23 |    48 ||    84
  Dodge: Dodged            |    20 |    69 |   168 ||   257
